 Dungeon Crawl Stone Soup version bcrawl-1.14 (webtiles) character file.

Game seed: 12621073656648256712

107 Revguard the Ducker (level 4, -7/33 HPs)
             Began as a Demonspawn Archaeologist on Sept 6, 2019.
             Mangled by Duvessa
             ... wielding a +2 short sword of protection
              (9 damage)
             ... on level 4 of the Dungeon.
             The game lasted 00:07:33 (2840 turns).

Revguard the Ducker (Demonspawn Archaeologist)      Turns: 2840, Time: 00:07:33

Health: -7/33      AC:  6    Str: 11    XL:     4   Next: 56%
Magic:  5/5        EV: 13    Int: 15    God:
Gold:   265        SH:  0    Dex: 13    Spells: 3/3 levels left

rFire    . . .     SeeInvis .   n - +0 short sword
rCold    + . .     Gourm    .   (no shield)
rNeg     . . .     Faith    .   o - +0 leather armour
rPois    .         Spirit   .   c - +1 hat
rElec    .         Reflect  .   (no cloak)
rCorr    .         Harm     .   (no gloves)
MR       .....                  d - +1 pair of boots
Stlth    ++........             (no amulet)
HPRegen  0.11/turn              (no ring)
MPRegen  0.09/turn              (no ring)

@: studying Short Blades
A: claws 1, cold resistance 1, demonic guardian 1
a: no special abilities


You were on level 4 of the Dungeon.
You were hungry.

You visited 1 branch of the dungeon, and saw 4 of its levels.

You collected 265 gold pieces.

Inventory:

Hand Weapons
 a - a +0 whip
 n - a +0 short sword (weapon)
Armour
 b - a +1 robe
 c - a +1 hat (worn)
 d - a +1 pair of boots (worn)
 o - a +0 leather armour (worn)
Wands
 r - a wand of disintegration (4)
Scrolls
 h - 2 scrolls of fear {unknown}
 j - 2 scrolls of identify {unknown}
 k - 5 scrolls of teleportation {unknown}
 m - a scroll of fog {unknown}
 p - a scroll of remove curse {unknown}
Potions
 i - a potion of flight
 l - a potion of brilliance
Books
 e - a manual of Short Blades
Miscellaneous
 f - an ancient crate
Comestibles
 g - 13 rations {!d}
 q - 2 chunks of flesh


   Skills:
 * Level 2.0 Fighting
 * Level 2.3 Short Blades
 - Level 1.2 Maces & Flails
 * Level 0.2 Armour
 + Level 3.5 Dodging
 * Level 3.1 Stealth
 + Level 1.3 Evocations


You had 3 spell levels left.
You didn't know any spells.
Your spell library was empty.

Dungeon Overview and Level Annotations

Branches:
Dungeon (4/12)
 Temple: D:4-7

Altars:
Gozag

Annotations:
D:4 Dowan, Duvessa


Innate Abilities, Weirdness & Mutations

You have sharp fingernails.
Your flesh is cold resistant. (rC+)
A weak demonic guardian rushes to your aid.


Message History

* * * LOW HITPOINT WARNING * * *
Your shadow imp barely misses Dowan.
You swap places.
Your shadow imp disappears in a puff of smoke!
Duvessa hits your iron imp with a +2 short sword of protection.
Your iron imp hits Duvessa but does no damage.
Duvessa hits your iron imp but does no damage.
Duvessa hits your iron imp with a +2 short sword of protection.
Your iron imp hits Duvessa but does no damage.
You see here a scroll labeled FEECVIOPISK.
h - 2 scrolls labeled FEECVIOPISK (gained 1) Duvessa hits your iron imp with a +2 short sword of protection. x2
Your iron imp hits Duvessa!
Duvessa hits your iron imp with a +2 short sword of protection!
Your iron imp dies!
Duvessa misses you.
Duvessa hits you with a +2 short sword of protection.
* * * LOW HITPOINT WARNING * * *
Duvessa hits you with a +2 short sword of protection!
You die...

.......
.......
.......
.......######
.......Oe...#
.......####O#
.........e..#
####....e####
#...@.#
#.!..5#
#.....#
#.....#
+.....#
#.....#
.......
########


You could see Duvessa, an ogre, Dowan and a friendly shadow imp.

Vanquished Creatures
  An ooze (D:1)
  2 worms (D:2)
  2 dart slugs
  5 leopard geckos
  7 orcs
  6 bats
  7 giant cockroaches
  8 goblins
  6 hobgoblins
  3 jackals (D:3)
  4 quokkas
  A frilled lizard (D:3)
  13 kobolds
  A leopard gecko skeleton (D:2)
  7 rats
73 creatures vanquished.

Notes
Turn   | Place    | Note
-------+----------+-------------------------------------------
     0 | D:1      | Revguard the Demonspawn Archaeologist began the quest for
                  | the Orb.
     0 | D:1      | Reached XP level 1. HP: 15/15 MP: 1/1
     7 | D:1      | Noticed a komodo dragon
     7 | D:1      | Noticed a swamp drake
     7 | D:1      | Noticed a lindwurm
     7 | D:1      | Noticed a worker ant
     7 | D:1      | Noticed a polar bear
   189 | D:1      | Gained mutation: You have sharp fingernails. [demonic
                  | ancestry]
   189 | D:1      | Reached XP level 2. HP: 20/21 MP: 2/2
   382 | D:1      | Reached skill level 1 in Maces & Flails
   739 | D:1      | Reached skill level 1 in Evocations
   750 | D:1      | Gained mutation: Your flesh is cold resistant. (rC+)
                  | [demonic ancestry]
   750 | D:1      | Reached XP level 3. HP: 25/27 MP: 3/3
  1304 | D:2      | Reached skill level 1 in Short Blades
  1604 | D:2      | Gained mutation: A weak demonic guardian rushes to your
                  | aid. [demonic ancestry]
  1604 | D:2      | Reached XP level 4. HP: 23/33 MP: 5/5
  2405 | D:3      | Found an opulent altar of Gozag.
  2815 | D:4      | Noticed Duvessa
  2815 | D:4      | Noticed Dowan
  2815 | D:4      | Noticed an ogre
  2840 | D:4      | Mangled by Duvessa

Skill      XL: |  1  2  3  4 |
---------------+-------------+-----
Dodging        | 3 |  3.5
Maces & Flails | 1 |  1.2
Evocations     | 1 |  1.3
Short Blades   | 1 2 |  2.3
Fighting       | 2 |  2.0
Armour         | |  0.2
Stealth        | |  3.1

Action                   |  1- 3 |  4- 6 || total
-------------------------+-------+-------++-------
Melee: Whip              |    86 |       ||    86
       Short sword       |    90 |   108 ||   198
Evoke: Wand              |       |     1 ||     1
  Use: Potion            |     3 |     2 ||     5
 Stab: Sleeping          |     9 |     5 ||    14
  Eat: Chunk             |     2 |     4 ||     6
Armor: Robe              |    37 |       ||    37
       Leather armour    |     2 |    23 ||    25
Dodge: Dodged            |   126 |    63 ||   189
